 Dungeon Crawl Stone Soup version 0.20.1-1-g8b1a95d (webtiles) character file.

40642 mopl the Cleaver (level 14, -10/113 HPs)
             Began as a Formicid Wanderer on Sept 9, 2017.
             Was a Believer of Uskayaw.
             Killed from afar by an ice dragon (12 damage)
             ... with a blast of cold
             ... in an ice cave on Sept 10, 2017.
             The game lasted 00:29:49 (17098 turns).

mopl the Cleaver (Formicid Wanderer)               Turns: 17098, Time: 00:29:51

Health: -10/113    AC: 17    Str: 18    XL:     14   Next: 45%
Magic:  22/22      EV:  6    Int: 13    God:    Uskayaw [**....]
Gold:   1000       SH:  4    Dex: 13    Spells: 13/13 levels left

rFire    . . .     SeeInvis +   a - +2 broad axe (elec)
rCold    + . .     Gourm    +   l - +0 buckler
rNeg     + . .     Faith    .   J - +1 plate armour {MR+}
rPois    .         Spirit   .   (helmet unavailable)
rElec    +         Reflect  .   S - +0 cloak
rCorr    .         Harm     .   (no gloves)
MR       ++...                  (no boots)
Stlth    ..........             u - amulet of the gourmand
Regen    0.3/turn               B - ring of positive energy
MPRegen  0.2/turn               V - ring of protection from cold

@: no status effects
A: permanent stasis, dig shafts and tunnels, four strong arms, antennae 3,
hooves 1, electricity resistance
a: Dig, Shaft Self, Stomp, Line Pass, Renounce Religion


You were in an ice cave.
You worshipped Uskayaw.
Uskayaw was aware of your devotion.
You were very full.

You visited 3 branches of the dungeon, and saw 15 of its levels.
You also visited: Ice Cave.

You collected 1000 gold pieces.

Inventory:

Hand Weapons
 a - a +2 broad axe of electrocution (weapon)
 b - a +2 blowgun
Missiles
 e - 6 poisoned needles
 h - a throwing net
 i - 12 tomahawks
 r - 25 curare-tipped needles
 Q - 6 javelins (quivered)
Armour
 l - a +0 buckler (worn)
 J - a +1 plate armour of magic resistance (worn)
 S - a +0 cloak (worn)
Magical Staves
 t - an uncursed staff of earth {unknown}
Jewellery
 u - an amulet of the gourmand (around neck)
 B - a ring of positive energy (left hand)
 V - a ring of protection from cold (right hand)
Wands
 x - a wand of polymorph (0/24)
 R - a wand of confusion (21/48)
 U - a wand of acid (10/15)
Scrolls
 c - a scroll of enchant weapon {unknown}
 j - 2 scrolls of immolation {unknown}
 k - 5 scrolls of identify
 o - 9 scrolls of remove curse
 p - 3 scrolls of blinking
 q - a scroll of amnesia {unknown}
 w - 2 scrolls of magic mapping
 y - 3 scrolls of enchant armour {unknown}
 D - 3 scrolls of recharging {unknown}
 I - 3 scrolls of teleportation {unknown}
 O - 3 scrolls of fog {unknown}
 P - 2 scrolls of vulnerability {unknown}
 W - a scroll of fear {unknown}
Potions
 d - 3 potions of lignification {!q}
 m - 5 potions of flight
 n - 2 potions of curing
 z - 2 potions of might {unknown}
 A - a potion of magic {unknown}
 E - 3 potions of heal wounds {unknown}
 G - a potion of invisibility {unknown}
 L - 2 potions of berserk rage {unknown}
 M - 2 potions of agility {unknown}
 N - 3 potions of cancellation {unknown}
Comestibles
 f - 9 bread rations
 g - 5 fruits


   Skills:
 + Level 11.6 Fighting
 * Level 13.1 Axes
 - Level 2.0 Staves
 + Level 8.1 Throwing
 + Level 11.1 Armour
 - Level 1.0 Dodging
 - Level 1.2 Stealth
 + Level 1.6 Shields
 + Level 10.8 Invocations
 - Level 1.1 Evocations


You had 13 spell levels left.
You didn't know any spells.

Dungeon Overview and Level Annotations

Branches:
Dungeon (11/15)            Temple (0/1) D:6            Lair (2/6) D:8
    Orc (2/2) D:11
  Swamp: Lair:2-4    Shoals: Lair:2-4     Snake: Lair:2-4    Spider: Lair:2-4
    Elf: Orc:2

Altars:
Ashenzari
Kikubaaqudgha
Nemelex Xobeh
Qazlal
Uskayaw
Vehumet
The Shining One

Annotations:
Orc:2 Saint Roka


Innate Abilities, Weirdness & Mutations

You cannot be hasted, slowed, berserked, paralysed or teleported.
You can dig through walls and to a lower floor.
Your four strong arms can wield two-handed weapons with a shield.
You have a pair of large antennae on your head. (SInv)
You have large cloven feet.
You are resistant to electric shocks. (rElec)


Message History

You hit the ice dragon but do no damage.
You kick the ice dragon, but do no damage.
The ice dragon is lightly wounded.
Your plate armour prevents you from hitting the ice dragon.
The ice dragon bites you but does no damage.
The ice dragon barely misses you.
The ice dragon tramples you but does no damage.
The ice dragon bites you.
* * * LOW HITPOINT WARNING * * *
The ice dragon claws you but does no damage.
The ice dragon tramples you.
* * * LOW HITPOINT WARNING * * *
You hold your ground!
You hit the ice dragon but do no damage.
Lightning courses through the ice dragon!
The ice dragon is moderately wounded.
You slash the ice dragon! The ice dragon breathes frost at you.
The blast of cold hits you! You resist.
You die...

########
#......####
#.....#DD....##
...D..###@##...#
......
###..##### =....
#.##...# .$..$
#....#.## #$$$
##.###..## ####
### ##..####
##....####
##......#
######..


You could see 2 ice dragons.

Vanquished Creatures
  3 two-headed ogres (D:10)
  3 skeletal warriors (D:11)
  The ghost of dvd the Gouger, a journeyman FeTm of Ru (Orc:2)
  An unseen horror (D:11)
  2 orc sorcerers
  An ugly thing (D:10)
  A centaur zombie (D:11)
  2 ice statues (IceCv)
  A black mamba (Lair:1)
  A gargoyle (D:11)
  4 komodo dragons (Lair:1)
  7 spiny frogs (Lair:1)
  A rime drake (IceCv)
  A troll (D:8)
  2 slime creatures (D:6)
  A hornet (D:11)
  7 blink frogs
  Sigmund (D:2)
  3 hippogriffs
  10 yaks
  3 wyverns
  Eustachio (D:4)
  A basilisk (Lair:1)
  2 hungry ghosts (D:11)
  A warg (Orc:2)
  Edmund (D:4)
  A soldier ant (D:10)
  4 water moccasins
  5 porcupines
  Duvessa (D:7)
  2 black bears
  14 ice beasts (IceCv)
  5 phantoms
  A necrophage (D:5)
  10 orc warriors
  2 eyes of draining (D:8)
  4 sky beasts
  4 ogres
  A boggart (D:8)
  4 wolves
  4 centaurs
  4 crocodiles
  4 big kobolds
  10 bullfrogs
  Dowan (D:7)
  A gnoll sergeant (D:11)
  4 scorpions
  A water moccasin skeleton (D:8)
  6 killer bees (D:8)
  2 howler monkeys (D:8)
  9 electric eels
  9 crimson imps
  A quasit (D:9)
  A centaur skeleton (D:11)
  12 hounds
  5 orc priests
  8 jellies
  9 orc wizards
  Jessica (D:3)
  5 bullfrog skeletons
  Terence (D:2)
  3 iguanas
  6 worker ants
  3 worker ant zombies
  12 gnolls
  A howler monkey skeleton (D:6)
  14 adders
  5 shadow imps
  5 oozes
  An adder zombie (D:6)
  An adder skeleton (D:8)
  2 worms
  4 dart slugs
  6 leopard geckos
  50 orcs
  3 ball pythons
  2 giant cockroaches
  7 goblins
  9 hobgoblins
  3 jackals (D:7)
  A quokka (D:11)
  11 bats
  A frilled lizard (D:1)
  10 kobolds
  5 rats
  A bush (Lair:1)
  2 fungi
  A plant (Lair:2)
387 creatures vanquished.

Vanquished Creatures (others)
  4 fungi
  A plant (Lair:1)
  8 toadstools (D:6)
13 creatures vanquished.

Grand Total: 400 creatures vanquished

Notes
Turn   | Place    | Note
-------+----------+-------------------------------------------
     0 | D:1      | mopl the Formicid Wanderer began the quest for the Orb.
     0 | D:1      | mopl set off with: 4 curare-tipped needles, a +2 blowgun, a +0 short sword, a potion of lignification {!q}, a +0 robe, a bread ration
     0 | D:1      | Reached XP level 1. HP: 20/20 MP: 1/1
   311 | D:1      | Reached XP level 2. HP: 22/26 MP: 2/2
   315 | D:1      | Reached skill level 1 in Armour
   484 | D:1      | Reached XP level 3. HP: 9/32 MP: 3/3
   755 | D:1      | Reached skill level 2 in Armour
   939 | D:1      | Reached skill level 5 in Fighting
  1349 | D:2      | Reached XP level 4. HP: 38/39 MP: 4/4
  1382 | D:2      | Noticed Terence
  1392 | D:2      | Killed Terence
  1392 | D:2      | Reached skill level 3 in Armour
  1529 | D:2      | Found a faded altar of an unknown god.
  1539 | D:2      | Reached skill level 1 in Axes
  1541 | D:2      | Noticed Sigmund
  1556 | D:2      | Reached XP level 5. HP: 11/44 MP: 5/5
  1557 | D:2      | Killed Sigmund
  1557 | D:2      | Reached skill level 3 in Axes
  1557 | D:2      | Reached XP level 6. HP: 13/52 MP: 6/6
  1819 | D:2      | Found an ancient bone altar of Kikubaaqudgha.
  1922 | D:2      | Found a hide-covered altar of Uskayaw.
  2030 | D:2      | Became a worshipper of Uskayaw the Reveler
  2048 | D:3      | Reached * piety under Uskayaw
  2104 | D:3      | Reached skill level 4 in Armour
  2104 | D:3      | Reached ** piety under Uskayaw
  2232 | D:3      | You fall through a shaft!
  2232 | D:4      | Noticed Edmund
  2244 | D:4      | Reached *** piety under Uskayaw
  2245 | D:4      | Killed Edmund
  2245 | D:4      | Reached skill level 6 in Fighting
  2245 | D:4      | Reached skill level 1 in Invocations
  2245 | D:4      | Reached XP level 7. HP: 51/58 MP: 6/8
  2444 | D:3      | Noticed Jessica
  2449 | D:3      | Killed Jessica
  2670 | D:4      | Reached skill level 4 in Axes
  2670 | D:4      | Reached skill level 2 in Invocations
  2730 | D:4      | Reached **** piety under Uskayaw
  2779 | D:4      | Reached XP level 8. HP: 53/65 MP: 9/9
  2827 | D:4      | Reached skill level 3 in Invocations
  2842 | D:4      | Reached skill level 5 in Axes
  3021 | D:4      | Found a transporter.
  3028 | D:4      | Found a transporter.
  3029 | D:4      | Noticed Eustachio
  3047 | D:4      | Killed Eustachio
  3047 | D:4      | Reached skill level 5 in Armour
  3428 | D:4      | Reached skill level 7 in Fighting
  3463 | D:5      | Entered Level 5 of the Dungeon
  3579 | D:5      | Reached skill level 6 in Axes
  3693 | D:5      | Found a radiant altar of Vehumet.
  3795 | D:5      | Reached skill level 4 in Invocations
  3795 | D:5      | Reached XP level 9. HP: 71/72 MP: 10/12
  4151 | D:6      | Noticed a slime creature
  4151 | D:6      | Noticed a slime creature
  4157 | D:6      | Killed a slime creature
  4157 | D:6      | Reached skill level 6 in Armour
  4163 | D:6      | Reached skill level 7 in Axes
  4167 | D:6      | Reached ***** piety under Uskayaw
  4173 | D:6      | Killed a slime creature
  4173 | D:6      | Reached skill level 5 in Invocations
  4173 | D:6      | Reached ****** piety under Uskayaw
  4339 | D:6      | Reached skill level 8 in Fighting
  4355 | D:6      | Found a shattered altar of Ashenzari.
  4431 | D:6      | Found a staircase to the Ecumenical Temple.
  4820 | D:7      | Reached XP level 10. HP: 45/80 MP: 14/14
  4842 | D:7      | Reached skill level 8 in Axes
  4842 | D:7      | Reached skill level 7 in Armour
  5039 | D:7      | Found a sparkling altar of Nemelex Xobeh.
  5081 | D:7      | Noticed Duvessa
  5084 | D:7      | Noticed Dowan
  5108 | D:7      | Killed Duvessa
  5117 | D:7      | Reached skill level 6 in Invocations
  5123 | D:7      | Killed Dowan
  6029 | D:7      | Found a sparkling altar of Nemelex Xobeh.
  6239 | D:8      | Reached skill level 9 in Axes
  6241 | D:8      | Gained mutation: You are resistant to electric shocks. (rElec) [potion of mutation]
  6241 | D:8      | Gained mutation: You have large cloven feet. [potion of mutation]
  6241 | D:8      | HP: 3/82 [poisoned by a killer bee]
  6392 | D:7      | Reached skill level 9 in Fighting
  6831 | D:8      | Found a staircase to the Lair.
  6847 | D:8      | Reached skill level 7 in Invocations
  7440 | D:8      | Reached skill level 8 in Armour
  7732 | D:8      | Reached XP level 11. HP: 89/89 MP: 16/16
  7780 | D:8      | Noticed Psyche
  7783 | D:8      | Noticed Psyche
  7783 | D:8      | Psyche changed into Psyche the boggart
  7789 | D:8      | Killed Psyche the boggart
  8612 | D:9      | Got a pair of heavily runed boots
  8618 | D:9      | Identified the cursed -7 pair of boots of Vexation {rN+} (You found it on level 9 of the Dungeon)
  8698 | D:9      | Found a glowing golden altar of the Shining One.
  8698 | D:9      | Found a stormy altar of Qazlal.
  9096 | D:10     | Entered Level 10 of the Dungeon
  9220 | D:10     | Noticed a two-headed ogre
  9229 | D:10     | Killed a two-headed ogre
  9229 | D:10     | Reached skill level 10 in Axes
  9311 | D:10     | Noticed a two-headed ogre
  9336 | D:10     | Killed a two-headed ogre
  9336 | D:10     | Reached skill level 8 in Invocations
  9475 | D:10     | Noticed a purple ugly thing
  9477 | D:10     | Noticed a two-headed ogre
  9489 | D:10     | Killed a purple ugly thing
  9489 | D:10     | Reached skill level 9 in Armour
  9495 | D:10     | Reached skill level 10 in Fighting
  9499 | D:10     | Killed a two-headed ogre
 10712 | D:11     | Reached skill level 11 in Axes
 11199 | D:11     | Found a staircase to the Orcish Mines.
 11234 | D:11     | Noticed a skeletal warrior
 11238 | D:11     | Noticed a skeletal warrior
 11242 | D:11     | Reached XP level 12. HP: 60/98 MP: 18/18
 11247 | D:11     | Killed a skeletal warrior
 11252 | D:11     | Killed a skeletal warrior
 11252 | D:11     | Reached skill level 9 in Invocations
 11255 | D:11     | Noticed a skeletal warrior
 11616 | D:11     | Killed a skeletal warrior
 11974 | D:11     | Noticed an unseen horror
 11981 | D:11     | Killed an unseen horror
 12174 | D:11     | Reached skill level 10 in Armour
 12296 | Orc:1    | Entered Level 1 of the Orcish Mines
 12543 | Orc:2    | Entered Level 2 of the Orcish Mines
 12546 | Orc:2    | Noticed Saint Roka
 13184 | Orc:2    | Noticed dvd's ghost (journeyman FeTm)
 13462 | Orc:2    | Killed dvd's ghost
 13462 | Orc:2    | Reached skill level 12 in Axes
 13884 | Lair:1   | Entered Level 1 of the Lair of Beasts
 13886 | Lair:1   | Reached skill level 11 in Fighting
 13889 | Lair:1   | Reached skill level 10 in Invocations
 14576 | Lair:1   | Reached XP level 13. HP: 88/106 MP: 20/20
 15299 | Lair:1   | Reached skill level 2 in Throwing
 16017 | Lair:2   | Noticed Sonja
 16026 | Lair:2   | Noticed Sonja
 16026 | Lair:2   | Sonja changed into Sonja the wyvern
 16035 | Lair:2   | Killed Sonja the wyvern
 16094 | Lair:2   | Reached skill level 8 in Throwing
 16094 | Lair:2   | Reached XP level 14. HP: 59/113 MP: 21/21
 16186 | Lair:2   | Reached skill level 11 in Armour
 16199 | Lair:2   | Found a frozen archway.
 16216 | Lair:2   | Reached skill level 13 in Axes
 16297 | IceCv    | Entered an ice cave
 16565 | IceCv    | Reached skill level 1 in Shields
 17097 | IceCv    | HP: 2/113 [ice dragon (4)]
 17098 | IceCv    | Killed from afar by an ice dragon

Skill      XL: |  1  2  3  4  5  6  7  8  9 10 11 12 13 14 |
---------------+-------------------------------------------+-----
Armour         | 1 2 3 4 5 6 8 9 10 11 | 11.1
Fighting       | 5 6 7 8 9 10 11 | 11.6
Axes           | 1 3 4 6 7 9 11 12 13 | 13.1
Invocations    | 1 2 4 5 7 8 10 | 10.8
Throwing       | 8 |  8.1
Shields        | 1 |  1.6
Staves         | |  2.0
Dodging        | |  1.0
Stealth        | |  1.2
Evocations     | |  1.1

Action                   |  1- 3 |  4- 6 |  7- 9 | 10-12 | 13-15 || total
-------------------------+-------+-------+-------+-------+-------++-------
Melee: Short sword       |   138 |     3 |       |       |       ||   141
       Hand axe          |       |    49 |   199 |    87 |       ||   335
       Broad axe         |       |       |       |   489 |   175 ||   664
       Kick              |       |       |       |   115 |    67 ||   182
 Fire: Blowgun           |       |     6 |       |    15 |       ||    21
Throw: Javelin           |       |       |       |     5 |       ||     5
Invok: Line Pass         |       |       |       |     2 |       ||     2
       Stomp             |       |       |       |     1 |       ||     1
 Abil: Dig               |       |     1 |     2 |     6 |     2 ||    11
Evoke: Wand              |       |       |       |     3 |     2 ||     5
  Use: Potion            |       |       |     1 |     6 |     1 ||     8
       Scroll            |       |       |       |     2 |     3 ||     5
 Stab: Paralysed         |       |     1 |     6 |    57 |    13 ||    77
  Eat: Chunk             |     2 |     2 |     9 |    57 |     6 ||    76
Armor: Robe              |     1 |       |       |       |       ||     1
       Leather armour    |    16 |       |       |       |       ||    16
       Scale mail        |    68 |     1 |       |       |       ||    69
       Chain mail        |       |    31 |    57 |       |       ||    88
       Plate armour      |       |       |    30 |   381 |   110 ||   521
       Skin              |       |       |     7 |     8 |       ||    15
Dodge: Dodged            |   113 |    21 |    53 |   160 |    31 ||   378
Block: Buckler           |       |       |       |       |     8 ||     8
